 Dungeon Crawl Stone Soup version 0.30-a0-578-gdee14c521f (webtiles) character file.

Game seed: 11990221603146654884

592 rigao the Cudgeller (level 7, 0/44 HPs)
             Began as a Gargoyle Gladiator on Dec 31, 2022.
             Slain by an orc
             ... wielding a +0 whip
              (4 damage)
             ... on level 5 of the Dungeon.
             The game lasted 00:09:32 (3941 turns).

rigao the Cudgeller (Gargoyle Gladiator)            Turns: 3941, Time: 00:09:32

Health: 0/44       AC: 14    Str: 19    XL:     7   Next: 39%
Magic:  16/16      EV: 10    Int:  9    God:
Gold:   189        SH:  0    Dex: 11    Spells: 6/6 levels left

rFire   . . .      SeeInvis .    a - +0 flail
rCold   . . .      Faith    .    (no shield)
rNeg    + . .      Spirit   .    m - +0 scale mail
rPois   ∞          Reflect  .    c - +0 helmet
rElec   +          Harm     .    (no cloak)
rCorr   .          Rampage  .    (no gloves)
Will    .....                    k - +0 pair of boots Stlth
                                 l - amulet of regeneration
HPRegen 1.07/turn                h - ring of magical power
MPRegen 0.15/turn                (no ring)

@: no status effects
A: sickness immunity, AC +4, negative energy resistance 1, electricity
resistance, torment resistance 1, petrification resistance
a: no special abilities


You were on level 5 of the Dungeon.
You visited 1 branch of the dungeon, and saw 5 of its levels.

You collected 189 gold pieces.

Inventory:

Hand Weapons
 a - a +0 flail (weapon)
Missiles
 e - a javelin
 q - 5 boomerangs (quivered)
Armour
 c - a +0 helmet (worn)
 k - a +0 pair of boots (worn)
 m - a +0 scale mail (worn)
Jewellery
 h - a ring of magical power (left hand)
 l - an amulet of regeneration (around neck)
Scrolls
 j - a scroll of amnesia
Potions
 b - a potion of curing
 d - a potion of cancellation
 g - a potion of heal wounds
 i - a potion of ambrosia
 n - a potion of attraction


   Skills:
 + Level 4.7 Fighting
 + Level 6.1 Maces & Flails
 - Level 1.7 Throwing
 + Level 4.0 Armour
 - Level 2.4 Dodging


You had 6 spell levels left.
You didn't know any spells.
Your spell library contained the following spells:

 Spells                   Type           Power      Damage    Failure   Level
 Freeze                   Ice            0%         1d3       75%         1
 Slow                     Hex            0%         N/A       75%         1
 Confusing Touch          Hex            0%         N/A       98%         3
 Frozen Ramparts          Ice            0%         1d1       98%         3
 Gell's Gravitas          Tloc           0%         N/A       98%         3
 Hailstorm                Conj/Ice       0%         3d3       98%         3
 Teleport Other           Tloc           0%         N/A       98%         3
 Vampiric Draining        Necr           0%         2d6       98%         3
 Ice Form                 Ice/Tmut       0%         N/A       100%        4
 Summon Ice Beast         Ice/Summ       0%         N/A       100%        4
 Dispersal                Tloc           0%         N/A       100%        6


Dungeon Overview and Level Annotations

Branches:
Dungeon (5/15)
 Temple: D:4-7

Altars:
Elyvilon
Sif Muna

Annotations:
D:3 Sigmund
D:4 1 runed translucent door, Crazy Yiuf


Innate Abilities, Weirdness & Mutations

You are immune to sickness and miasma.
Your stone body is resilient. (AC +4)
You are immune to poison.
You resist negative energy. (rN+)
You are resistant to electric shocks. (rElec)
You are resistant to unholy torment.
You are immune to petrification.


Message History

You barely miss something. The ufetubus barely misses you.
The ufetubus hits you but does no damage.
Something hits you but does no damage. The orc hits you with a +0 whip.
The orc hits you but does no damage. x2
You closely miss something. The ufetubus barely misses you.
The ufetubus hits you but does no damage.
Something hits you but does no damage. The orc hits you but does no damage.
The ufetubus barely misses you. The ufetubus misses you. The orc misses you.
The orc hits you but does no damage.
You miss something.
The ufetubus hits you but does no damage. x2
Something hits you but does no damage. The orc hits you but does no damage.
The orc barely misses you. The orc hits you with a +0 dagger.
You miss something. The ufetubus barely misses you. x2
You hear some strange, mumbled words.
A puff of flame appears from out of thin air!
The puff of flame hits you! The orc hits you with a +0 whip.
The ufetubus barely misses you. x2; The orc hits you but does no damage.
The orc barely misses you.
You barely miss something.
The ufetubus hits you but does no damage.
The ufetubus completely misses you. Something hits you but does no damage.
The orc closely misses you. The orc barely misses you.
The orc hits you with a +0 dagger. The ufetubus closely misses you. x2
Something hits you but does no damage.
You closely miss something. Your punch misses something.
The ufetubus closely misses you. x2; The orc closely misses you.
The orc hits you with a +0 flail. The orc closely misses you.
You hear some strange, mumbled words.
A puff of flame appears from out of thin air!
The puff of flame hits you but does no damage.
You hit something but do no damage. The ufetubus closely misses you.
The ufetubus hits you but does no damage.
The orc hits you with a +0 whip!
* * * LOW HITPOINT WARNING * * *
The orc hits you but does no damage. x2; The ufetubus hits you.
* * * LOW HITPOINT WARNING * * *
The ufetubus closely misses you. Something hits you but does no damage.
The orc hits you with a +0 whip.
You die...

#..#.##.###...##...,,,,,,,,,,,
#....#.............,,,,,**,,**
#....#..........^..,,,,,**,,**
##...#<............,**,,**,,*,
##...#............,,**,,**,,+,
#....'........#*,,,,#*,,**,,**
##..#######...#*,,..#*,,**>,**
*######..##.oo##....#*,,**,,,,
****,,,,.......{@5.....#*,,**,,,,
*,,,,,,,.......o).......+,,,*,,,,
*,,~~~,,#...###..##....#*,,,*,,,,
*,~~~~,*###'**#..#*,....,,,,+,,,,
*,~~~,,,,,.,,,#..#,,,..~~,~,*,,**
*,~,~~,,,.,,,,#..#,,,,♣~~~~,*,,**
*,,,~,,,,,,,,,#..#,,,,~~~~~,,,,,,
*,,,,,,,,,,,,,#..#,,,,,~~~,,,,,,,
*,,,,,,,,,,,,,*,,*,,,,,,*,,,<,,,,


You could see 3 orcs and an ufetubus.

Vanquished Creatures
  An ogre (D:4)
  A phantom (D:4)
  A scorpion (D:4)
  A wight (D:4)
  A quasit (D:5)
  A hound (D:4)
  Ijyb (D:3)
  3 iguanas
  Robin (D:3)
  4 gnolls
  2 adders (D:2)
  A white imp (D:5)
  2 ufetubi (D:5)
  2 worms (D:2)
  A dart slug (D:1)
  An orc (D:5)
  7 bats
  5 endoplasms
  3 giant cockroaches
  9 goblins
  5 hobgoblins
  3 quokkas
  5 ball pythons
  3 frilled lizards
  8 kobolds
  3 rats
75 creatures vanquished.

Vanquished Creatures (others)
  5 demonic plants (D:5)
  A fungus (D:2)
  3 plants (D:2)
9 creatures vanquished.

Grand Total: 84 creatures vanquished

Notes
Turn   | Place    | Note
-------+----------+-------------------------------------------
     0 | D:1      | rigao the Gargoyle Gladiator began the quest for the Orb.
     0 | D:1      | Reached XP level 1. HP: 12/12 MP: 1/1
   583 | D:1      | Reached XP level 2. HP: 17/17 MP: 2/2
   859 | D:2      | Reached skill level 4 in Maces & Flails
   983 | D:2      | Reached XP level 3. HP: 18/21 MP: 3/3
  1070 | D:2      | Found a faded altar of an unknown god.
  1595 | D:2      | Reached XP level 4. HP: 26/26 MP: 4/4
  1660 | D:3      | Noticed Robin
  1918 | D:3      | Found a white marble altar of Elyvilon.
  1963 | D:3      | Killed Robin
  2166 | D:3      | Reached skill level 1 in Armour
  2231 | D:3      | Reached skill level 5 in Maces & Flails
  2231 | D:3      | Reached XP level 5. HP: 31/31 MP: 5/5
  2282 | D:3      | Noticed Ijyb
  2301 | D:3      | Killed Ijyb
  2304 | D:3      | Noticed Sigmund
  2492 | D:4      | Noticed a phantom
  2521 | D:4      | Killed a phantom
  2522 | D:4      | Reached XP level 6. HP: 30/37 MP: 6/6
  3041 | D:4      | Found a runed translucent door.
  3042 | D:4      | Noticed Crazy Yiuf
  3354 | D:4      | Reached XP level 7. HP: 41/44 MP: 7/7
  3513 | D:5      | Entered Level 5 of the Dungeon
  3519 | D:5      | Found a shimmering blue altar of Sif Muna.
  3645 | D:4      | Reached skill level 6 in Maces & Flails
  3941 | D:5      | Slain by an orc

Illustrated notes

Levels and vault maps discovered:
D:1:      matt_arrival_refuge, layout_loops_ring, chequers_avenue
D:2:      layout_basic, shapermc_ecumenical_altar_petra, minmay_misc_feat_square
D:3:      layout_basic, elyvilon_altar_3, hangedman_decor_diamond_cutter,
          uniq_ijyb, uniq_sigmund, uniq_robin
D:4:      layout_gridville, serial_bayou_ford_a, uniq_crazy_yiuf_cottage
D:5:      layout_gridville, kennysheep_mini_moat, serial_demonic,
          serial_demonic_f, serial_demonic_f, serial_demonic_f, serial_demonic_b

Skill      XL: |  1  2  3  4  5  6  7 |
---------------+----------------------+-----
Maces & Flails | 4 5 6 |  6.1
Armour         | 1 2 3 4 |  4.0
Fighting       | 3 4 |  4.7
Throwing       | |  1.7
Dodging        | |  2.4

Action                   |  1- 3 |  4- 6 |  7- 9 || total
-------------------------+-------+-------+-------++-------
Melee: Flail             |    92 |   164 |    78 ||   334
       Punch             |       |     2 |     1 ||     3
Throw: Boomerang         |       |    18 |       ||    18
       Throwing net      |       |     3 |       ||     3
  Use: Scroll            |     5 |     3 |     6 ||    14
       Potion            |       |     4 |     1 ||     5
Armor: Leather armour    |     8 |       |       ||     8
       Scale mail        |    40 |    97 |   127 ||   264
       Skin              |       |    21 |       ||    21
Dodge: Dodged            |    56 |   113 |   120 ||   289

Table legend: (Time is in decaauts)
 A = Elapsed time spent in this place.
 B = Non-inter-level travel time spent in this place.
 C = Inter-level travel time spent in this place.
 D = Time resting spent in this place.
 E = Time spent auto-exploring this place.
 F = Levels seen in this place.
 G = Mean time per level.
                   A        B        C        D        E       F      G
               +--------+--------+--------+--------+--------+-----+--------+
         Total |   4003 |   3824 |    179 |    481 |   2410 |   5 |  800.6 |
       Dungeon |   4003 |   3824 |    179 |    481 |   2410 |   5 |  800.6 |
               +--------+--------+--------+--------+--------+-----+--------+

Top non-repeatable levels by time:
     D:4: 1333 daAuts
     D:2: 1038 daAuts
     D:1: 818 daAuts
     D:3: 541 daAuts
     D:5: 271 daAuts
